 Dungeon Crawl Stone Soup version 0.16-a0-465-g631e55c (webtiles) character file.

112 Ratboiler the Digger (level 4, -4/27 HPs)
             Began as an Octopode Earth Elementalist on Sept 16, 2014.
             Killed from afar by Somebody's ghost (10 damage)
             ... with a puff of frost
             ... on Level 3 of the Dungeon.
             The game lasted 00:09:17 (2409 turns).

Ratboiler the Digger (Octopode Earth Elementalist)  Turns: 2409, Time: 00:09:18

HP  -4/27        AC  1     Str  7      XL: 4   Next: 95%
MP  16/16        EV 14     Int 19      God:
Gold 116         SH  0     Dex 12      Spells:  3 memorised,  1 level left

rFire  . . .     SeeInvis .     k - +0 spear
rCold  . . .     Clarity  .     (no shield)
rNeg   . . .     rCorr    .     (helmet restricted)
rPois  .         rRot     .     h - amulet of rage
rElec  .         Spirit   .     e - +2 ring of evasion
SustAb .         Warding  .     l - ring of magical power
rMut   .         Stasis   .     g - +1 ring of intelligence
Gourm  .                        (no ring)
MR     .....                    (no ring)
                                (no ring)
                                (no ring)
                                (no ring)

@: not resistant to hostile enchantments, fairly stealthy
A: almost no armour, amphibious, 8 rings, constrict 8, camouflage 1, gelatinous
body 1
a: Evoke Berserk Rage


You were on level 3 of the Dungeon.
You were not hungry.

You visited 1 branch of the dungeon, and saw 3 of its levels.

You collected 116 gold pieces.

Inventory:

Hand weapons
 k - a +0 spear (weapon)
Missiles
 b - 154 stones (quivered)
Magical devices
 r - a wand of confusion (12)
Comestibles
 a - 3 bread rations
 i - a rotting chunk of quokka flesh
 t - a slice of pizza
 v - a chunk of giant newt flesh
Scrolls
 c - a scroll of enchant weapon {unknown}
 m - 2 scrolls of immolation {unknown}
 p - a scroll of fog {unknown}
Jewellery
 e - a +2 ring of evasion (left tentacle)
 g - a +1 ring of intelligence (on tentacle)
 h - an amulet of rage (around mantle)
 l - a ring of magical power (right tentacle)
Potions
 f - a potion of poison {unknown}
 j - a potion of might {unknown}
 n - a potion of heal wounds {unknown}
 o - a potion of restore abilities {unknown}
 q - a potion of resistance {unknown}
 u - a potion of cure mutation {unknown}
Books
 d - a book of Geomancy

   Spells                             Type                      Level
   *Sandblast                         Earth                        1
   *Stoneskin                         Transmutation/Earth          2
   Passwall                           Transmutation/Earth          3
   *Stone Arrow                       Conjuration/Earth            3
   Petrify                            Transmutation/Earth          4
   Lee's Rapid Deconstruction         Earth                        5


   Skills:
 - Level 2.0 Dodging
 - Level 2.6 Stealth
 - Level 2.0 Spellcasting
 - Level 1.0 Transmutations
 + Level 5.4 Earth Magic


You had one spell level left.
You knew the following spells:

 Your Spells              Type           Power        Failure   Level  Hunger
a - Sandblast             Erth           ###...       1%          1    #......
b - Stoneskin             Trmt/Erth      ##......     10%         2    ##.....
c - Stone Arrow           Conj/Erth      ##....       17%         3    ####...


Dungeon Overview and Level Annotations

Branches:
Dungeon (3/15)

Altars:

Annotations:
D:3 Somebody's ghost, average DEIE


Innate Abilities, Weirdness & Mutations

You cannot wear most types of armour.
You are amphibious.
You can wear up to eight rings at the same time.
You can use your tentacles to constrict many enemies at once.
Your skin changes colour to match your surroundings (Stealth).
Your rubbery body absorbs attacks (AC +1).


Message History

a whip; 10 gold pieces Somebody's ghost casts a spell at you.
The puff of frost hits you!
Somebody's ghost whispers, "Be very very quiet, I'm hunting Octopi."
Found 3 large rocks.
A worm comes into view.
Found a scroll labeled IMMATO SCHUMUN.
Found a blue potion.
A worm comes into view.
Somebody's ghost shrieks, "Do you think the gods will protect you?"
Somebody's ghost gestures at you while chanting.
The puff of frost hits you!
* * * LOW HITPOINT WARNING * * *
Drink which item? (? for menu, Esc to quit)
Okay, then.
Read which item? (? for menu, Esc to quit)
Okay, then.
Somebody's ghost gestures at you while chanting.
The puff of frost hits you!
You die...

#.###W##.##..#........######.###
##.# #..W........)..#### #.###
...# ####.########...# #...<
#### ####W#### #...# #####
#.......# #...# # #w##.##W#
#[..# ###### # #.##.# #...#
#..... .
#.##W#####...#######.###. .
...#....@..........#.###. .
#......................#.
..(..!........)......#.#... g
.##.#.######..<#######.#...
w.?#. #...# #..... .# #. #...#
###.## #. #...# #.# . #...# #.#
#...# #.#


You could see Somebody's ghost.

Vanquished Creatures
  Ijyb (D:2)
  2 adders (D:2)
  3 worms
  3 giant geckos
  An orc (D:3)
  A ball python (D:2)
  4 bats
  6 hobgoblins
  2 jackals (D:2)
  2 quokkas
  5 giant cockroaches
  2 giant newts (D:3)
  8 goblins
  8 kobolds
  9 rats
57 creatures vanquished.

Notes
Turn   | Place    | Note
--------------------------------------------------------------
     0 | D:1      | Ratboiler, the Octopode Earth Elementalist, began the quest for the Orb.
     0 | D:1      | Reached XP level 1. HP: 11/11 MP: 3/3
   127 | D:1      | Reached XP level 2. HP: 17/17 MP: 2/4
   176 | D:1      | Learned a level 2 spell: Stoneskin
   597 | D:1      | Reached skill level 4 in Earth Magic
   831 | D:1      | Reached XP level 3. HP: 21/21 MP: 6/6
   897 | D:1      | Learned a level 3 spell: Stone Arrow
  1222 | D:2      | Noticed Ijyb
  1238 | D:2      | Killed Ijyb
  1238 | D:2      | Reached skill level 5 in Earth Magic
  1238 | D:2      | Reached XP level 4. HP: 19/27 MP: 1/7
  1804 | D:3      | Noticed Somebody's ghost (average DEIE)
  2370 | D:3      | Noticed an ice beast
  2409 | D:3      | Killed from afar by Somebody's ghost

Action                   |  1- 3 |  4- 6 || total
-------------------------+-------+-------++-------
Melee: Unarmed           |    20 |       ||    20
       Spear             |    20 |    47 ||    67
 Cast: Sandblast         |    32 |     4 ||    36
       Stoneskin         |     1 |       ||     1
       Stone Arrow       |    11 |    13 ||    24
Evoke: Wand              |     1 |       ||     1
 Stab: Sleeping          |     2 |     3 ||     5
  Eat: Meat ration       |     1 |       ||     1
       Chunk             |       |     4 ||     4
